 Dungeon Crawl Stone Soup version 0.31-a0-257-gf185e81a89 (webtiles) character file.

Game seed: 18194252197511242086

53 qw the Shooter (level 3, -2/21 HPs)
             Began as a Gargoyle Hexslinger on July 12, 2023.
             Slain by Terence
             ... wielding a +6 antimagic flail
              (10 damage)
             ... on level 2 of the Dungeon.
             The game lasted 00:00:26 (966 turns).

qw the Shooter (Gargoyle Hexslinger)                 Turns: 966, Time: 00:00:26

Health: -2/21      AC:  7    Str: 11    XL:     3   Next: 87%
Magic:  0/4        EV: 11    Int: 13    God:
Gold:   58         SH:  0    Dex: 14    Spells: 3/4 levels left

rFire   . . .        Y - +2 sling
rCold   . . .        (no shield)
rNeg    + . .        g - +0 leather armour
rPois   inf          (no helmet)
rElec   +            (no cloak)
rCorr   .            (no gloves)
SInv    .            e - +0 pair of boots
Will    .....        (no amulet)
Stlth   +            (no ring)
HPRegen 0.23/turn    (no ring)
MPRegen 0.09/turn

%: no passive effects
@: no status effects
A: sickness immunity, AC +3, negative energy resistance 1, electricity
resistance, torment resistance 1, petrification resistance
a: no special abilities


You were on level 2 of the Dungeon.
You visited 1 branch of the dungeon, and saw 2 of its levels.

You collected 58 gold pieces.


Innate Abilities, Weirdness & Mutations

You are immune to sickness and miasma.
Your stone body is resilient. (AC +3)
You are immune to poison.
You resist negative energy. (rN+)
You are resistant to electric shocks. (rElec)
You are resistant to unholy torment.
You are immune to petrification.


   Skills:
 - Level 2.0 Fighting
 + Level 3.7 Ranged Weapons
 - Level 1.5 Dodging
 - Level 1.0 Spellcasting
 - Level 2.6 Hexes


You had 3 spell levels left.
You knew the following spells:

 Your Spells              Type           Power      Damage    Failure   Level
a - Slow                  Hex            28%        N/A       12%         1

Your spell library contained the following spells:

 Spells                   Type           Power      Damage    Failure   Level
 Inner Flame              Hex/Fire       4%         N/A       54%         3
 Portal Projectile        Hex/Tloc       8%         N/A       54%         3
 Cause Fear               Hex            3%         N/A       77%         4

Inventory:

Hand Weapons
 Y - a +2 sling (weapon)
Armour
 e - a +0 pair of boots (worn)
 g - a +0 leather armour (worn)
Scrolls
 a - a scroll of brand weapon {unknown}
 b - a scroll of fog {unknown}
Potions
 f - a potion of curing {unknown}

Dungeon Overview and Level Annotations

Branches:
Dungeon (2/15)

Altars:

Annotations:
D:2 Terence


Message History

The giant cockroach moves out of view.
You shoot a sling bullet. The sling bullet hits the kobold.
You kill the kobold!
You shoot a sling bullet.
The sling bullet barely misses the giant cockroach.
You shoot a sling bullet.
The sling bullet barely misses the giant cockroach.
You shoot a sling bullet.
The sling bullet hits the giant cockroach but does no damage.
The giant cockroach bites you but does no damage.
You shoot a sling bullet.
The sling bullet hits the giant cockroach.
The giant cockroach is heavily wounded.
The giant cockroach barely misses you.
You shoot a sling bullet.
The sling bullet closely misses the giant cockroach.
The giant cockroach barely misses you. The giant cockroach misses you.
You shoot a sling bullet.
The sling bullet hits the giant cockroach!
You kill the giant cockroach!
You now have 58 gold pieces (gained 20).
Things that are here:
a +0 dagger; 4 stones; a +0 leather armour Terence the Incautious comes into view.
He is wielding a +6 antimagic flail.
Terence shouts!
Enter note:
Enter note: You shoot a sling bullet.
The sling bullet hits Terence.
Terence is moderately wounded.
You shoot a sling bullet. The sling bullet hits Terence!
Terence is heavily wounded.
Terence hits you with a +6 antimagic flail!
You feel your power leaking away.
You shoot a sling bullet. The sling bullet hits Terence.
Terence is severely wounded.
Terence hits you with a +6 antimagic flail!
You feel your power leaking away.
You shoot a sling bullet. The sling bullet barely misses Terence.
Terence hits you with a +6 antimagic flail!
You die...

#.# #.# ....# #.#
#.##....## #.#
#......... ########.#
#.%.......
#........###.........
.###.....)..##....##
#.######..# ...# #.#
#..# ..## #@#
#..##....## #..@.#
#......#...
#.###########.##....#
...............#
########...#...##
#..###.... ##..#....#
##......# ##.#...#


You could see Terence.

Vanquished Creatures
  An adder (D:2)
  A worm (D:1)
  A dart slug (D:2)
  4 ball pythons (D:1)
  A bat (D:1)
  4 endoplasms
  3 giant cockroaches
  7 goblins
  2 hobgoblins (D:1)
  3 kobolds
  2 quokkas
  4 frilled lizards (D:1)
  3 rats (D:1)
36 creatures vanquished.

Notes
Turn   | Place    | Note
-------+----------+-------------------------------------------
     0 | D:1      | qw the Gargoyle Hexslinger began the quest for the Orb.
     0 | D:1      | Reached XP level 1. HP: 12/12 MP: 2/2
     0 | D:1      | 0 ||| qw: Version: 0.3-a-52-g30416fa
     0 | D:1      | 0 ||| qw: Game counter: 6796
     0 | D:1      | 0 ||| qw: Melee chars always use a shield: true
     0 | D:1      | 0 ||| qw: God list: Okawaru
     0 | D:1      | 0 ||| qw: Allow faded altars: false
     0 | D:1      | 0 ||| qw: Do Orc after clearing Dungeon:15 true
     0 | D:1      | 0 ||| qw: Do second Lair branch before Depths: true
     0 | D:1      | 0 ||| qw: Lair rune preference: random
     0 | D:1      | 0 ||| qw: Goals: Normal
     0 | D:1      | 0 ||| PLANNING D:1-11
   152 | D:1      | Reached XP level 2. HP: 16/16 MP: 3/3
   438 | D:1      | Reached skill level 3 in Ranged Weapons
   512 | D:1      | Reached XP level 3. HP: 21/21 MP: 4/4
   687 | D:1      | 687 ||| UPGRADING to +0 pair of boots.
   692 | D:1      | 692 ||| UPGRADING to +0 leather armour.
   702 | D:1      | 702 ||| DROPPING +0 robe.
   703 | D:1      | 703 ||| DROPPING amulet of magic regeneration.
   704 | D:1      | 704 ||| READING scroll labelled YSE HAETREKO.
   705 | D:1      | 705 ||| READING scroll labelled XUFUKA OTTOP.
   706 | D:1      | 706 ||| DROPPING scroll of poison.
   723 | D:2      | 723 ||| STAIRDANCE
   962 | D:2      | Noticed Terence
   966 | D:2      | Slain by Terence

Levels and vault maps discovered:
D:1:      dpeg_arrival_houses_and_road, layout_basic
D:2:      layout_loops_ring, dreamdust_ecumenical_altar_sealed_demon,
          uniq_terence

Skill      XL: |  1  2 |
---------------+-------+-----
Ranged Weapons | 3 |  3.7
Fighting       | 2 |  2.0
Dodging        | |  1.5
Spellcasting   | |  1.0
Hexes          | |  2.6

Action                     || total
---------------------------++-------
   Fire: Sling             ||   109
    Use: Scroll            ||     2
 Armour: Robe              ||     2
         Leather armour    ||    14
  Dodge: Dodged            ||    30

Table legend:
 A = Non-vault XP
 B = Vault XP
 C = Vault XP percentage of total XP
 D = Non-vault monster count
 E = Vault monster count
 F = Vault count percentage of total count
                 A         B        C        D         E       F
            +---------+---------+-------+---------+---------+-------
      Total |      76 |       0 |   0.0 |      36 |       0 |   0.0
            +---------+---------+-------+---------+---------+-------
        D:1 |      48 |       0 |   0.0 |      27 |       0 |   0.0
        D:2 |      28 |       0 |   0.0 |       9 |       0 |   0.0
            +---------+---------+-------+---------+---------+-------
